 Dungeon Crawl Stone Soup version 0.30-a0-726-gd89dcf765f (webtiles) character file.

Game seed: 13540556661671720386

216286 freelancePsychic the Warrior (level 20, -2/162 HPs)
             Began as a Djinni Berserker on Jan 29, 2023.
             Was the Champion of Trog.
             Killed from afar by a merfolk aquamancer (8 damage)
             ... with a ball of steam
             ... on level 4 of the Shoals on Jan 30, 2023.
             The game lasted 01:09:59 (34844 turns).

freelancePsychic the Warrior (Djinni Berserker)    Turns: 34844, Time: 01:10:00

Health: -2/162     AC: 14    Str: 22    XL:     20   Next: 22%
Gold:   1871       EV: 20    Int: 11    God:    Trog [******] SH: 17 Dex: 14

rFire   + + .      SeeInvis +    b - +9 demon trident (heavy)
rCold   . . .      Faith    .    w - +0 kite shield
rNeg    . . .      Spirit   .    L - +0 troll leather armour
rPois   ∞          Reflect  +    u - +2 helmet of the World {Slay+2 SInv}
rElec   .          Harm     .    I - +0 cloak
rCorr   .          Rampage  .    t - +1 pair of gloves
Will    ++...                    (boots unavailable)
Stlth   +++                      i - amulet of reflection
HPRegen 1.27/turn                S - ring of protection from cold
MPRegen 0.00/turn                V - +5 ring of evasion

@: flying, studying Polearms
A: sickness immunity, fire resistance 2, cold vulnerability 1, float, innate
caster, HP casting, extra vitality 1
a: Renounce Religion, Berserk, Trog's Hand, Brothers in Arms


You were on level 4 of the Shoals.
You worshipped Trog.
Trog was exalted by your worship.
You visited 6 branches of the dungeon, and saw 32 of its levels.

You collected 3957 gold pieces.
You spent 2086 gold pieces at shops.

Inventory:

Hand Weapons
 b - a +9 heavy demon trident (weapon)
Missiles
 v - 95 poisoned darts (quivered)
 F - 6 throwing nets
 P - 6 silver javelins
Armour
 a - a +0 buckler
 g - a +1 tower shield of fire resistance
 t - a +1 pair of gloves (worn)
 u - the +2 helmet of the World (worn) {Slay+2 SInv}
   (You found it on level 4 of the Dungeon)

   Slay:      It affects your accuracy & damage with ranged weapons and melee
   (+2).
   SInv:      It lets you see invisible.
 w - a +0 kite shield (worn)
 I - a +0 cloak (worn)
 L - a +0 troll leather armour (worn)
Jewellery
 c - a ring of ice
 i - an amulet of reflection (around neck)
 k - a +6 ring of strength
 o - an amulet of regeneration
 J - a ring of positive energy
 S - a ring of protection from cold (left hand)
 V - a +5 ring of evasion (right hand)
Wands
 l - a wand of roots (19)
 y - a wand of mindburst (9)
 C - a wand of flame (20)
 G - a wand of paralysis (21)
 K - a wand of light (2)
Scrolls
 f - 2 scrolls of fog
 m - 5 scrolls of vulnerability
 s - 9 scrolls of teleportation {@r4}
 A - 5 scrolls of enchant armour
 B - 4 scrolls of blinking
 D - 2 scrolls of poison
 E - 5 scrolls of immolation
 H - 7 scrolls of magic mapping
 Q - a scroll of fear
 U - 9 scrolls of identify {@r1}
Potions
 d - 18 potions of curing {@q1}
 e - 9 potions of brilliance
 h - 7 potions of degeneration
 n - 3 potions of resistance
 p - 5 potions of berserk rage
 q - 6 potions of flight
 r - 5 potions of ambrosia
 z - 11 potions of haste {@q3}
 M - 4 potions of cancellation
 R - 4 potions of attraction
 T - a potion of invisibility
 W - 7 potions of lignification
 X - 3 potions of might
 Y - a potion of magic
 Z - 7 potions of mutation
Miscellaneous
 j - a phantom mirror
 N - a box of beasts
 O - a tin of tremorstones (1/2)


   Skills:
 - Level 20.3 Fighting
 + Level 18.1 Polearms
 - Level 15.0 Armour
 - Level 10.5 Dodging
 - Level 7.5 Stealth
 + Level 11.1 Shields
 + Level 11.6 Evocations


You couldn't memorise any spells.
You knew the following spells:

 Your Spells              Type           Power      Damage    Failure   Level
a - Shock                 Conj/Air       0%         1d3       63%         1
b - Passwall              Tmut/Erth      0%         N/A       77%         2
c - Vampiric Draining     Necr           0%         2d6       94%         3
d - Swiftness             Air            0%         N/A       94%         3
e - Summon Lightning Spi  Summ/Air       0%         N/A       100%        4
f - Alistair's Intoxicat  Tmut/Pois      0%         N/A       100%        5
g - Summon Cactus Giant   Summ           0%         N/A       100%        6
h - Dispersal             Tloc           0%         N/A       100%        6
i - Eringya's Noxious Bo  Tmut/Pois      0%         N/A       100%        6
Your spell library was empty.


Dungeon Overview and Level Annotations

Branches:
Dungeon (15/15)            Temple (0/1) D:7            Lair (5/5) D:9
 Shoals (4/4) Lair:2        Snake (4/4) Lair:3        Slime (0/5) Lair:4
    Orc (2/2) D:9             Elf (2/3) Orc:2        Vaults (0/5) D:14
 Depths (0/4) D:15

Altars:
Ashenzari
Cheibriados
Gozag
Ru
Trog
Uskayaw
Wu Jian
The Shining One
Jiyva

Shops:
D:11 (   D:15 !   Orc:2 =([(   Elf:2 :   Snake:1 :?!***   Snake:2 =

Portals:
Trove: D:11 (give +4 fire dragon scales)

Annotations:
D:14 3 runed translucent doors, Anelople's ghost, journeyman GnWn
D:15 3 runed translucent doors, Hamu's ghost, adept GnWn
Shoals:4 3 runed translucent doors
Snake:1 3 runed translucent doors, exclusion: obsidian statue, Emynorhu's ghost, journeyman DsGl
Snake:3 exclusion: downstairs
Snake:4 Vashnia
Elf:1 2 transporters, Opizon's ghost, journeyman TrFi
Elf:2 3 runed translucent doors


Innate Abilities, Weirdness & Mutations

You are immune to sickness and miasma.
You are immune to poison.
Your flesh is very heat resistant. (rF++)
You are vulnerable to cold. (rC-)
You float through the air rather than walking.
You learn spells naturally, not from books.
Your magical power is your life essence.
You have superior vitality. (+4 MHP)


Message History

You feel much better.
The merfolk aquamancer gestures at you while chanting.
The shard of ice reflects off an invisible shield around you!
The shard of ice hits the merfolk aquamancer!!!
You kill the merfolk aquamancer!
Trog accepts your kill.
Trog appreciates your killing of a magic user.
You hear a splash. x2
The merfolk javelineer throws a javelin.
The javelin completely misses you.
The merfolk javelineer throws a javelin.
The javelin barely misses you.
Things that are here:
a +2 rapier of speed; a +0 robe; a merfolk corpse The merfolk javelineer throws a javelin.
The javelin completely misses you.
The merfolk javelineer throws a javelin.
The javelin closely misses you.
A merfolk impaler comes into view.
It is wielding a +3 trident of distortion.
The merfolk javelineer throws a javelin.
The javelin completely misses you.
A merfolk aquamancer comes into view.
It is wielding a +2 rapier of electrocution.
As you read the scroll of fear, it crumbles to dust.
You assume a fearsome visage.
The merfolk javelineer looks frightened!
The merfolk impaler looks frightened!
The merfolk aquamancer resists with almost no effort.
The merfolk impaler gibbers meaninglessly.
The merfolk aquamancer gestures at you while chanting.
The ball of steam hits you! You resist.
* * * LOW HITPOINT WARNING * * *
A merfolk aquamancer comes into view. It is wielding a +0 rapier.
The merfolk aquamancer is engulfed in a cloud of scalding steam.
The merfolk aquamancer casts a spell at you.
The shard of ice hits you!!!
* * * LOW HITPOINT WARNING * * *
There is a stone staircase leading up here.
The merfolk aquamancer casts a spell at you.
The ball of steam hits you! You resist.
You die...

~....^.§...^.^...~~~~
~.....§.§§§§......~P
~~....§§§§§§~.).#
≈~......§§§§~..#
≈≈~...§§§§§~~..#
≈≈..~.§§§§§§.(.#
≈≈~~~~§.§§§.§..#
≈≈≈≈~~.§§§.....#
≈≈~~~~...§@.##..#
≈≈~~~~~....§.......
≈≈~..~....§§........
~~~..~...§.§........
..~~..m...§m§......?
..~~m...[...........
..~~~~~.....m.....
..~~~~~..........


m You could see a merfolk javelineer (fleeing), a merfolk aquamancer and a
merfolk.

Vanquished Creatures
  Saint Roka (Snake:4)
  Nikola (Snake:1)
  Polyphemus (Shoals:4)
  Kirke (Elf:1)
  2 nagarajas (Snake:2)
  Aizul (Snake:1)
  A deep elf sorcerer (Elf:2)
  Louise (Snake:3)
  A dire elephant (Lair:5)
  Azrael (Snake:1)
  A deep elf annihilator (Elf:1)
  5 merfolk impalers
  A fire dragon (D:14)
  2 merfolk javelineers
  3 hydras
  6 anacondas
  5 merfolk avatars
  An alligator snapping turtle (Shoals:1)
  5 boulder beetles
  7 centaur warriors
  3 merfolk aquamancers
  15 dancing weapons
  6 catoblepae
  17 death yaks
  15 naga warriors
  3 satyrs
  A two-headed ogre (D:10)
  5 shock serpents
  Nergalle (Lair:2)
  10 naga sharpshooters
  9 deep elf knights
  4 salamander mystics (Snake:4)
  A skeletal warrior (D:15)
  Lodul (D:11)
  12 sea snakes
  An obsidian statue (D:13)
  2 lindwurms
  21 harpies
  A wizard (D:14)
  5 deep elf archers
  16 mana vipers
  28 deep elf pyromancers
  6 naga ritualists
  2 necromancers (D:15)
  21 ugly things
  9 orc knights
  12 deep elf zephyrmancers
  7 fauns (Shoals:2)
  An orc sorcerer (Orc:2)
  7 cyclopes
  13 salamanders
  9 manticores
  A stone giant zombie (D:15)
  Joseph (D:8)
  7 elephants
  14 guardian serpents
  A centaur zombie (D:15)
  9 merfolk sirens
  31 black mambas
  7 water nymphs
  4 centaur skeletons (D:15)
  A torpor snail (Lair:5)
  10 naga magi
  A gargoyle (D:6)
  2 rime drakes (Lair:5)
  A rime drake (shapeshifter) (D:14)
  8 cane toads
  An unseen horror (D:13)
  An efreet (D:14)
  2 kobold demonologists (D:13)
  A komodo dragon (Lair:5)
  29 merfolk
  A queen bee (shapeshifter) (D:14)
  5 harpy zombies (Shoals:1)
  A polar bear (Lair:2)
  6 trolls
  5 wind drakes
  8 blink frogs
  An ettin zombie (D:15)
  15 dream sheep
  4 snapping turtles
  7 slime creatures (D:13)
  9 water elementals
  3 vampires
  A wyvern (Lair:5)
  2 shadows
  4 air elementals (Elf:1)
  3 wraiths
  2 fire elementals
  2 hogs (Elf:1)
  19 yaks
  A vampire mosquito (D:10)
  5 basilisks
  A steam dragon (D:9)
  9 wargs
  9 water moccasins
  38 nagas
  An acid dragon (D:10)
  2 hell hounds (Snake:1)
  3 black bears
  An ice beast (D:5)
  41 orc warriors
  A manticore zombie (Shoals:1)
  A sky beast (D:6)
  10 ogres
  3 boggarts (D:14)
  23 centaurs
  6 wolves
  A phantom (D:5)
  11 kobold brigands
  6 bullfrogs
  3 scorpions
  2 earth elementals (Elf:2)
  12 wights
  9 killer bees
  4 electric eels (D:14)
  A quasit (D:13)
  A hound (D:5)
  2 jellies
  Crazy Yiuf (D:3)
  28 orc priests
  A gnoll bouda (D:9)
  2 iron imps (D:13)
  20 orc wizards
  3 iguanas
  6 hell rats
  A mummy (D:8)
  Robin (D:3)
  4 gnolls (D:9)
  6 river rats (Lair:2)
  8 adders
  A shadow imp (D:13)
  5 white imps
  An ufetubus (D:5)
  140 orcs
  4 bats (D:1)
  11 endoplasms
  A giant cockroach (D:2)
  17 goblins
  13 hobgoblins
  6 jackals
  26 kobolds
  5 quokkas
  7 ball pythons
  7 frilled lizards
  5 rats
  A bush (D:13)
1079 creatures vanquished.

Vanquished Creatures (collateral kills)
  A deep elf annihilator (Elf:2)
  A hydra (Lair:3)
  A catoblepas (Lair:5)
  4 anacondas
  A two-headed ogre (D:10)
  2 naga warriors (Snake:4)
  A vampire mage (D:15)
  Urug (Lair:1)
  A deep elf knight (Elf:2)
  A salamander mystic (Snake:4)
  A skeletal warrior (D:15)
  A naga ritualist (Snake:4)
  A deep elf zephyrmancer (Elf:2)
  A mana viper (Snake:4)
  A manticore (Lair:5)
  A fire giant zombie (D:15)
  5 black mambas
  3 naga magi (Snake:2)
  A guardian serpent (Snake:2)
  A rime drake (Lair:5)
  A polar bear (Lair:1)
  A spriggan zombie (D:15)
  A fire elemental (Snake:1)
  6 nagas
  A water moccasin (Lair:3)
  A centaur (D:10)
  A kobold brigand (D:10)
  A bullfrog (Lair:1)
  A howler monkey (D:10)
  An orc wizard (D:10)
45 creatures vanquished.

Vanquished Creatures (others)
  A manticore (Shoals:3)
  A black mamba (Snake:3)
  A naga mage (Snake:2)
  A bush (D:13)
  20 fungi
  89 plants
  6 withered plants (D:15)
119 creatures vanquished.

Grand Total: 1243 creatures vanquished

Notes
Turn   | Place    | Note
-------+----------+-------------------------------------------
     0 | D:1      | freelancePsychic the Djinni Berserker began the quest for
                  | the Orb.
     0 | D:1      | Reached XP level 1. HP: 20/20 MP: 0/0
   164 | D:1      | Reached XP level 2. HP: 20/25 MP: 0/0
   608 | D:1      | Reached XP level 3. HP: 30/30 MP: 0/0
   608 | D:1      | Learned a level 1 spell: Shock
  1186 | D:2      | Reached ** piety under Trog
  1205 | D:2      | Identified the +0 robe of the True Pharaoh {rElec Regen+
                  | Dex+3}
  1255 | D:2      | Identified a scroll of acquirement
  1255 | D:2      | Acquired a manual of Fighting
  1361 | D:2      | Reached XP level 4. HP: 34/37 MP: 0/0
  1712 | D:3      | Reached skill level 4 in Fighting
  1795 | D:3      | Noticed Robin
  1808 | D:3      | Killed Robin
  1809 | D:3      | Reached XP level 5. HP: 41/41 MP: 0/0
  1809 | D:3      | Learned a level 2 spell: Passwall
  2289 | D:3      | Found a runed translucent door.
  2290 | D:3      | Noticed Crazy Yiuf
  2436 | D:3      | Killed Crazy Yiuf
  2528 | D:3      | Reached skill level 5 in Fighting
  2528 | D:3      | Reached XP level 6. HP: 49/49 MP: 0/0
  3045 | D:4      | Noticed an ogre
  3086 | D:4      | Identified the +2 helmet of the World {Slay+2 SInv}
  3142 | D:4      | Reached skill level 5 in Polearms
  3484 | D:4      | Found a bloodstained altar of Trog.
  3485 | D:4      | Reached *** piety under Trog
  3555 | D:5      | Entered Level 5 of the Dungeon
  3585 | D:5      | Reached XP level 7. HP: 54/55 MP: 0/0
  3585 | D:5      | Learned a level 3 spell: Vampiric Draining
  3625 | D:5      | Reached skill level 6 in Fighting
  3992 | D:5      | Reached skill level 7 in Fighting
  3992 | D:5      | Reached XP level 8. HP: 61/64 MP: 0/0
  4665 | D:6      | Reached skill level 8 in Fighting
  4808 | D:6      | Found a sacrificial altar of Ru.
  4809 | D:6      | Found an opulent altar of Gozag.
  4809 | D:6      | Found a hide-covered altar of Uskayaw.
  4830 | D:6      | Found an ornate altar of the Wu Jian Council.
  4997 | D:6      | Noticed a gargoyle
  5008 | D:6      | Killed a gargoyle
  5009 | D:6      | Reached skill level 9 in Fighting
  5009 | D:6      | Reached XP level 9. HP: 33/72 MP: 0/0
  5009 | D:6      | Learned a level 3 spell: Swiftness
  5348 | D:7      | Found a broken altar of Ashenzari.
  5359 | D:7      | Found a staircase to the Ecumenical Temple.
  5999 | D:7      | Reached **** piety under Trog
  6000 | D:7      | Reached skill level 10 in Fighting
  6044 | D:8      | You are sucked into a shaft and drop 3 floors!
  6256 | D:10     | Entered Level 10 of the Dungeon
  6265 | D:11     | Noticed a boulder beetle
  6299 | D:11     | Killed a boulder beetle
  6300 | D:11     | Reached XP level 10. HP: 60/81 MP: 0/0
  6314 | D:11     | Noticed a two-headed ogre
  6483 | D:10     | Reached skill level 11 in Fighting
  6664 | D:10     | Found a glowing golden altar of the Shining One.
  7448 | D:8      | Reached skill level 5 in Dodging
  7454 | D:8      | Reached skill level 10 in Polearms
  7731 | D:8      | Noticed Joseph
  7739 | D:8      | Killed Joseph
  7740 | D:8      | Reached skill level 12 in Fighting
  7872 | D:8      | Found a snail-covered altar of Cheibriados.
  8340 | D:9      | Found a staircase to the Lair.
  8439 | D:9      | Reached XP level 11. HP: 88/89 MP: 0/0
  8439 | D:9      | Learned a level 4 spell: Summon Lightning Spire
  8460 | D:9      | Reached ***** piety under Trog
  9075 | D:9      | Found a staircase to the Orcish Mines.
  9625 | D:10     | Noticed a two-headed ogre
  9635 | D:10     | Killed a two-headed ogre
  9640 | D:10     | Reached skill level 13 in Fighting
  9942 | D:11     | Noticed Lodul
 10098 | D:10     | Killed a two-headed ogre
 10112 | D:11     | Killed Lodul
 10334 | D:11     | Found a portal to a secret trove of treasure.
 10438 | D:11     | Found a broken altar of Ashenzari.
 10541 | D:11     | Found Epnir's Weapon Shoppe.
 10599 | D:12     | Reached skill level 5 in Armour
 10769 | D:12     | Noticed a deep elf pyromancer
 10775 | D:12     | Killed a deep elf pyromancer
 10776 | D:12     | Reached XP level 12. HP: 99/99 MP: 0/0
 11017 | D:12     | Reached skill level 14 in Fighting
 11078 | D:12     | Identified the +2 falchion of the Undead {freeze, +Blink
                  | rC- Str+2 Dex+2}
 11271 | D:12     | Noticed a seven-headed hydra
 11345 | Lair:1   | Entered Level 1 of the Lair of Beasts
 11439 | Lair:1   | Reached skill level 1 in Evocations
 11462 | Lair:1   | Noticed Urug
 11482 | Lair:1   | Killed Urug
 11639 | Lair:1   | Noticed a boulder beetle
 11641 | Lair:1   | Found an ornate altar of the Wu Jian Council.
 11651 | Lair:1   | Killed a boulder beetle
 11693 | Lair:1   | Found a hide-covered altar of Uskayaw.
 12287 | Lair:2   | Noticed a death yak
 12287 | Lair:2   | Noticed a death yak
 12315 | Lair:2   | Killed a death yak
 12378 | Lair:2   | Noticed a death yak
 12378 | Lair:2   | Noticed a death yak
 12506 | Lair:2   | Reached skill level 15 in Fighting
 12611 | Lair:2   | Noticed a death yak
 12629 | Lair:2   | Noticed a death yak
 12642 | Lair:1   | Killed a death yak
 12932 | Lair:1   | Killed a death yak
 13055 | Lair:2   | Reached skill level 5 in Evocations
 13158 | Lair:2   | Noticed Nergalle
 13169 | Lair:2   | Killed Nergalle
 13308 | Lair:2   | Reached XP level 13. HP: 107/107 MP: 0/0
 13308 | Lair:2   | Learned a level 5 spell: Alistair's Intoxication
 13561 | Lair:2   | Found a staircase to the Shoals.
 13688 | Lair:2   | Noticed a catoblepas
 13710 | Lair:2   | Killed a catoblepas
 14054 | Lair:3   | Noticed a seven-headed hydra
 14063 | Lair:3   | Killed a seven-headed hydra
 14119 | Lair:3   | Found a staircase to the Snake Pit.
 14308 | Lair:3   | Noticed a five-headed hydra
 14316 | Lair:3   | Killed an eight-headed hydra
 14744 | Lair:4   | Found the +11 Singing Sword {sonic wave}
 15334 | Lair:4   | Found a viscous altar of Jiyva.
 15334 | Lair:4   | Found a staircase to the Slime Pits.
 15389 | Lair:5   | Entered Level 5 of the Lair of Beasts
 15402 | Lair:5   | Noticed a six-headed hydra
 15967 | Lair:5   | Reached XP level 14. HP: 52/114 MP: 0/0
 16321 | Lair:5   | Reached ****** piety under Trog
 16388 | Lair:5   | Noticed a dire elephant
 16395 | Lair:5   | Killed a dire elephant
 16432 | Lair:5   | Reached skill level 15 in Polearms
 16700 | Lair:5   | Received a gift from Trog
 17455 | D:12     | Reached skill level 10 in Armour
 18136 | D:13     | Reached skill level 1 in Stealth
 18724 | D:13     | Identified the +2 hand axe of the Hidden Tusks {flame,
                  | *Rage rElec rPois Will-}
 18900 | D:14     | Reached XP level 15. HP: 120/120 MP: 0/0
 18900 | D:14     | Learned a level 6 spell: Summon Cactus Giant
 19090 | D:14     | Found a gate to the Vaults.
 19263 | D:14     | Found a runed translucent gate.
 19263 | D:14     | Noticed Anelople's ghost (journeyman GnWn)
 19264 | D:14     | Found a runed translucent gate.
 19264 | D:14     | Identified the +8 chain mail of the Stopping Gods {-Cast
                  | Contam Regen+ Dex+5}
 19264 | D:14     | Noticed an orc warlord
 19265 | D:14     | Found a runed translucent gate.
 19582 | D:14     | Received a gift from Trog
 19797 | D:14     | Reached skill level 5 in Stealth
 20453 | D:14     | Identified the +1 chain mail of Greed {rF+ Regen+}
 20456 | D:14     | Found the -2 hat of the Alchemist {rElec rPois rF+ rC+ rN+
                  | Will+ rMut rCorr}
 20507 | D:15     | Entered Level 15 of the Dungeon
 20537 | D:15     | Found a runed translucent gate.
 20537 | D:15     | Found a runed translucent gate.
 20537 | D:15     | Noticed Hamu's ghost (adept GnWn)
 20541 | D:15     | Noticed a tengu reaver
 20542 | D:15     | Identified the +4 scimitar of the Rescuing Puffin {venom,
                  | rPois Will++ MP+9 Stlth+}
 20551 | D:15     | Found a runed translucent gate.
 20821 | D:15     | Identified the +8 long sword of Titah {pain, Str+2}
 20899 | D:15     | Identified the +2 scale mail of the Thinker {Dex+6}
 21141 | D:15     | Found a staircase to the Depths.
 21648 | D:15     | Found Ereos's Distillery.
 21654 | D:15     | Bought 2 potions of haste for 260 gold pieces
 21654 | D:15     | Bought a potion of haste for 130 gold pieces
 21654 | D:15     | Bought a potion of haste for 130 gold pieces
 21654 | D:15     | Bought a potion of mutation for 104 gold pieces
 21654 | D:15     | Bought 2 potions of lignification for 78 gold pieces
 21654 | D:15     | Bought a potion of attraction for 39 gold pieces
 22022 | Orc:1    | Entered Level 1 of the Orcish Mines
 22157 | Orc:1    | Received a gift from Trog
 22346 | Orc:2    | Entered Level 2 of the Orcish Mines
 22346 | Orc:2    | Found a staircase to the Elven Halls.
 22358 | Orc:2    | Reached XP level 16. HP: 86/126 MP: 0/0
 23156 | Orc:2    | Found Layloluur's Jewellery Boutique.
 23156 | Orc:2    | Found Qemmoz's Weapon Emporium.
 23253 | Orc:2    | Found Aniuwywi's Weapon Emporium.
 23253 | Orc:2    | Found Asibi's Armour Boutique.
 23554 | Orc:2    | Received a gift from Trog
 23680 | Elf:1    | Entered Level 1 of the Elven Halls
 23885 | Elf:1    | Paralysed by an air elemental for 1 turns
 23989 | Elf:1    | Paralysed by an air elemental for 1 turns
 24020 | Elf:1    | Found a transporter.
 24026 | Elf:1    | Noticed Kirke
 24044 | Elf:1    | Killed Kirke
 24050 | Elf:1    | Noticed a deep elf blademaster
 24222 | Elf:1    | Noticed a deep elf blademaster
 24222 | Elf:1    | Noticed a deep elf blademaster
 24222 | Elf:1    | Noticed Opizon's ghost (journeyman TrFi)
 24234 | Elf:1    | Found a bloodstained altar of Trog.
 24250 | Elf:1    | Found a transporter.
 24362 | Elf:1    | Reached skill level 10 in Evocations
 24376 | Elf:1    | Received a gift from Trog
 24377 | Elf:1    | Reached skill level 16 in Fighting
 25342 | Elf:2    | Paralysed by an air elemental for 1 turns
 25349 | Elf:1    | Paralysed by an air elemental for 1 turns
 25353 | Elf:1    | Reached XP level 17. HP: 64/133 MP: 0/0
 25353 | Elf:1    | Learned a level 6 spell: Dispersal
 25746 | Elf:2    | HP: 1/134 [deep elf zephyrmancer/bolt of lightning (39)]
 25895 | Elf:2    | Identified the +2 leather armour "Ipteuf" {rF+ Str+2}
 26095 | Elf:2    | Found Inwacoer's Book Shop.
 26256 | Elf:2    | Found a runed translucent gate.
 26257 | Elf:2    | Found a runed translucent gate.
 26257 | Elf:2    | Found a runed translucent gate.
 26293 | Elf:2    | Bought a manual of Polearms for 1280 gold pieces
 26464 | Snake:1  | Entered Level 1 of the Snake Pit
 26480 | Snake:1  | Noticed Aizul
 26511 | Snake:1  | Killed Aizul
 26571 | Snake:1  | Noticed Azrael
 26596 | Snake:1  | Killed Azrael
 26597 | Snake:1  | Reached skill level 17 in Fighting
 26638 | Snake:1  | Found Zaeziodgh's Magic Scroll Emporium.
 26643 | Snake:1  | Found Yteg's Book Shoppe.
 26730 | Snake:1  | Found Gukhuwum's Assorted Antiques.
 26749 | Snake:1  | Received a gift from Trog
 26776 | Snake:1  | Found Durijib's Distillery.
 26784 | Snake:1  | Bought a potion of heal wounds for 65 gold pieces
 26872 | Snake:1  | Found Axuxzuen's Assorted Antiques.
 27053 | Snake:1  | Found a runed translucent gate.
 27053 | Snake:1  | Found a runed translucent gate.
 27055 | Snake:1  | Found a runed translucent gate.
 27056 | Snake:1  | Found an opulent altar of Gozag.
 27057 | Snake:1  | Noticed Nikola
 27059 | Snake:1  | Noticed Emynorhu's ghost (journeyman DsGl)
 27076 | Snake:1  | Killed Nikola
 27128 | Snake:1  | Found Hien's Assorted Antiques.
 27154 | Snake:1  | Identified the +7 morningstar "Murmur" {venom, Dex+3}
 27354 | Snake:2  | Upgraded the game from 0.30-a0-723-gc1506a1cf0 to
                  | 0.30-a0-726-gd89dcf765f
 27438 | Snake:2  | Reached skill level 10 in Dodging
 27645 | Snake:2  | Reached skill level 18 in Fighting
 27789 | Snake:2  | Reached skill level 1 in Shields
 27812 | Snake:2  | Found Liemm's Jewellery Emporium.
 27907 | Snake:2  | Reached XP level 18. HP: 86/146 MP: 0/0
 28423 | Snake:2  | Received a gift from Trog
 28542 | Snake:2  | Reached skill level 19 in Fighting
 28922 | Shoals:1 | Entered Level 1 of the Shoals
 30104 | Snake:3  | Reached skill level 5 in Shields
 30105 | Snake:3  | Received a gift from Trog
 30440 | Snake:3  | Noticed Louise
 30463 | Snake:3  | Killed Louise
 30766 | Snake:4  | Entered Level 4 of the Snake Pit
 30787 | Snake:4  | HP: 7/149 [naga warrior/+0 glaive (20)]
 31070 | Snake:4  | Reached skill level 20 in Fighting
 31384 | Snake:4  | Reached XP level 19. HP: 156/156 MP: 0/0
 31384 | Snake:4  | Learned a level 6 spell: Eringya's Noxious Bog
 31625 | Snake:4  | Noticed Saint Roka
 31697 | Snake:4  | Killed Saint Roka
 31809 | Snake:4  | Reached skill level 15 in Armour
 31833 | Snake:4  | Noticed Vashnia
 32064 | Shoals:1 | Received a gift from Trog
 32989 | Shoals:2 | Received a gift from Trog
 33841 | Shoals:3 | Reached skill level 10 in Shields
 34275 | Shoals:3 | Reached XP level 20. HP: 162/162 MP: 0/0
 34478 | Shoals:4 | Entered Level 4 of the Shoals
 34721 | Shoals:4 | Noticed Polyphemus
 34796 | Shoals:4 | Killed Polyphemus
 34809 | Shoals:4 | Found a runed translucent gate.
 34809 | Shoals:4 | Found a runed translucent gate.
 34809 | Shoals:4 | Found a runed translucent gate.
 34833 | Shoals:4 | Received a gift from Trog
 34843 | Shoals:4 | HP: 5/162 [merfolk aquamancer/shard of ice (38)]
 34844 | Shoals:4 | Killed from afar by a merfolk aquamancer

Illustrated notes

Levels and vault maps discovered:
D:1:      elethiomel_arrival_infinity_welcomes_careful_drivers, layout_basic,
          serial_forest, infiniplex_forest_clump_curved,
          infiniplex_forest_zigzag_1, infiniplex_forest_straight_3,
          infiniplex_forest_clump_small, infiniplex_forest_clump_tiny,
          kennysheep_minor_cross, minmay_misc_feat_enclosed
D:2:      layout_rooms
D:3:      minmay_inner_zag, layout_loops_ring, uniq_robin,
          uniq_crazy_yiuf_cottage
D:4:      minmay_general_purpose_star, layout_gridville, bloody_trog,
          st_stairs_9
D:5:      layout_cave_pools
D:6:      layout_cave_pools, nicolae_overflow_quartered_altars
D:7:      layout_rooms, nicolae_overflow_crystal_walls,
          minmay_temple_entry_large_hall, minmay_misc_feat_doors
D:8:      layout_rooms, slow_altar_2, minmay_orc_keep, uniq_joseph
D:9:      layout_basic, lair_entry_dummy, hiddenorc2_lemuel
D:10:     layout_rooms, tso_metal_star, special_room [special_room_orc],
          minmay_diced_spiral
D:11:     layout_rooms, portal_ice_cave_entry_pillars_2, enter_trove_3,
          serial_shops, nicolae_shop_behind_doors,
          ashenzari_conservatory_becter, uniq_lodul
D:12:     layout_irregular_city, serial_co_window_serial,
          co_window_of_opportunity_a, co_window_paths_b, co_window_paths_b,
          co_window_corner_a, co_window_paths_a, co_window_paths_a,
          co_window_paths_a, co_window_paths_a, co_window_paths_b,
          co_window_broadway_a, co_window_broadway_b, co_window_cross_2,
          co_window_broadway_a, glass_columns_c, glass_columns_c,
          glass_columns_b
D:13:     kennysheep_kobold_grotto, layout_irregular_city
D:14:     layout_basic, david_vaults_4, biasface_ghost_orc_armoury,
          hangedman_abyss_or_decor_stabs
D:15:     gammafunk_depths_entry_grave, layout_stronghold,
          minmay_stone_trees_small, gammafunk_ghost_split, serial_shops, shop
Lair:1:   layout_regular_city, nzn_masters_of_martial_movement, uniq_urug
Lair:2:   layout_layer_cave, minmay_shoals_entry_hut, kennysheep_rathole,
          infiniplex_staircase_pool_2, uniq_nergalle
Lair:3:   layout_hall_layers, minmay_snake_entry_guardpost_small
Lair:4:   layout_regular_city, dpeg_slime_entry_enclosed, lemuel_fruit_fields
Lair:5:   hangedman_lair_in_review, layout_cave_pods
Shoals:1: layout_shoals, nicolae_shoals_undead_eyrie
Shoals:2: layout_shoals
Shoals:3: nzn_motion_control, layout_shoals
Shoals:4: shoals_end_simple, layout_shoals, gammafunk_ghost_tricky_traps,
          serial_shops, shop, nicolae_shoals_square_sea_wall, uniq_polyphemus
Snake:1:  layout_misc_corridors, serial_shops, shop, shop,
          nicolae_shop_window_shopping, nicolae_lakefront_shop, shop,
          ebering_ghost_gozag, drop_trap, uniq_aizul, uniq_nikola, uniq_azrael
Snake:2:  layout_cave_town, serial_shops, shop, nicolae_snake_scaly_snakehead
Snake:3:  layout_grid_shapes, uniq_louise
Snake:4:  johnstein_snake_rune_scales, layout_cave_town, minmay_shop_star,
          grunt_megastairs_3, uniq_saint_roka
Orc:1:    layout_diamond_mine, serial_shops, shop
Orc:2:    st_orc_town, layout_caves, nicolae_orc_bridge_out
Elf:1:    elf_arrival_001, layout_loops_cross,
          gammafunk_ghost_wrathful_warriors, minmay_elf_annihilation,
          st_stairs_4, uniq_kirke
Elf:2:    nicolae_elf_blades_crystal_corner, layout_rooms, serial_shops,
          nicolae_square_shop, uniq_asterion

Skill      XL: |  1  2  3  4  5  6  7  8  9 10 11 12 13 14 15 16 17 18 19 20 |
---------------+-------------------------------------------------------------+-----
Polearms       | 3 4 5 6 7 9 10 11 12 14 15 16 17 18 | 18.1
Fighting       | 4 5 7 9 10 12 13 15 16 18 20 | 20.3
Dodging        | 3 5 6 8 10 | 10.5
Armour         | 5 7 10 12 13 14 15 | 15.0
Evocations     | 5 8 10 11 | 11.6
Stealth        | 2 7 |  7.5
Shields        | 1 7 10 11 | 11.1

Action                     |  1- 3 |  4- 6 |  7- 9 | 10-12 | 13-15 | 16-18 | 19-21 || total
---------------------------+-------+-------+-------+-------+-------+-------+-------++-------
  Melee: Spear             |   123 |   209 |   236 |       |       |       |       ||   568
         Punch             |     1 |     7 |     6 |     3 |       |       |       ||    17
         Trident           |       |       |    32 |    70 |       |       |       ||   102
         Halberd           |       |       |       |   492 |   897 |  1347 |       ||  2736
         Demon trident     |       |       |       |       |       |   167 |   422 ||   589
  Throw: Dart              |       |       |     5 |    34 |    11 |     3 |       ||    53
 Invoke: Berserk           |       |     2 |     4 |     8 |     3 |     7 |       ||    24
         Trog's Hand       |       |     1 |     2 |     3 |     4 |     6 |     1 ||    17
         Brothers in Arms  |       |       |       |     2 |     3 |     3 |       ||     8
  Evoke: Wand              |       |       |     2 |       |    10 |    13 |     4 ||    29
         Box of beasts     |       |       |       |       |     3 |     5 |     1 ||     9
         Tin of tremorston |       |       |       |       |     1 |    10 |     5 ||    16
         Phantom mirror    |       |       |       |       |       |       |     1 ||     1
    Use: Scroll            |     3 |       |     7 |     7 |    23 |    14 |     5 ||    59
         Potion            |       |       |       |     1 |     1 |    12 |     1 ||    15
   Stab: Sleeping          |     3 |     3 |       |       |     1 |    18 |     9 ||    34
         Petrified         |       |       |       |       |     7 |       |       ||     7
         Invisible         |       |       |       |       |     2 |     1 |     2 ||     5
         Distracted        |       |       |       |       |       |    10 |     7 ||    17
         Fleeing           |       |       |       |       |       |     1 |       ||     1
 Armour: Animal skin       |     5 |       |       |       |       |       |       ||     5
         Ring mail         |    21 |    47 |    76 |    93 |       |       |       ||   237
         Troll leather arm |       |       |       |    55 |   245 |   356 |    72 ||   728
  Dodge: Dodged            |    39 |    77 |   131 |   369 |   385 |   891 |   204 ||  2096
  Block: Other             |       |       |       |       |    61 |   235 |       ||   296
         Reflection        |       |       |       |       |     7 |    42 |    40 ||    89
         Buckler           |       |       |       |       |       |    81 |    99 ||   180
         Kite shield       |       |       |       |       |       |       |   141 ||   141

Table legend: (Time is in decaauts)
 A = Elapsed time spent in this place.
 B = Non-inter-level travel time spent in this place.
 C = Inter-level travel time spent in this place.
 D = Time resting spent in this place.
 E = Time spent auto-exploring this place.
 F = Levels seen in this place.
 G = Mean time per level.
                   A        B        C        D        E       F      G
               +--------+--------+--------+--------+--------+-----+--------+
         Total |  34433 |  31059 |   3374 |   3561 |  20348 |  32 | 1076.0 |
       Dungeon |  16626 |  14895 |   1731 |   1486 |  10467 |  15 | 1108.4 |
          Lair |   6448 |   5742 |    706 |    658 |   4071 |   5 | 1289.6 |
        Shoals |   2741 |   2477 |    264 |    178 |   1472 |   4 |  685.2 |
     Snake Pit |   4323 |   4142 |    181 |    682 |   2179 |   4 | 1080.8 |
  Orcish Mines |   1586 |   1432 |    154 |     68 |    928 |   2 |  793.0 |
   Elven Halls |   2707 |   2371 |    336 |    489 |   1230 |   2 | 1353.5 |
               +--------+--------+--------+--------+--------+-----+--------+

Top non-repeatable levels by time:
  Lair:2: 2294 daAuts
   Elf:1: 2043 daAuts
 Snake:2: 1805 daAuts
    D:14: 1801 daAuts
     D:9: 1723 daAuts
    D:10: 1326 daAuts
  Lair:5: 1323 daAuts
     D:3: 1304 daAuts
   Orc:2: 1212 daAuts
  Lair:1: 1193 daAuts
    D:15: 1163 daAuts
    D:12: 1159 daAuts
    D:13: 1131 daAuts
     D:1: 1072 daAuts
    D:11: 1048 daAuts
